 Dungeon Crawl Stone Soup version 0.19-a0-1937-g70ed36a (webtiles) character file.

7063 Jorund the Thaumaturge (level 10, 0/63 HPs)
             Began as a Demonspawn Wizard on Oct 26, 2016.
             Was a Priest of Vehumet.
             Slain by a flying skull (7 damage)
             ... in a volcano.
             The game lasted 00:42:27 (11993 turns).

Jorund the Thaumaturge (Demonspawn Wizard)         Turns: 11993, Time: 00:42:27

Health: 0/63       AC:  4    Str:  8    XL:     10   Next: 83%
Magic:  21/25      EV: 14    Int: 23    God:    Vehumet [***...]
Gold:   609        SH:  0    Dex: 11    Spells: 7 memorised, 16 levels left

rFire  + . .     SeeInvis .     t - +0 hand axe (elec)
rCold  . . .     Gourm    +     a - +0 robe
rNeg   . . .     Faith    .     (no shield)
rPois  .         Spirit   .     b - +1 hat
rElec  .         Reflect  .     I - +0 cloak
rCorr  .         Harm     .     (gloves unavailable)
MR     .....     Rnd*Rage +     (no boots)
Stlth  ++........ Rnd*Tele +    F - amulet of the gourmand
                                z - ring of protection from fire
                                A - +4 ring of intelligence

@: very slightly contaminated, hasted, repel missiles, very quick
A: antennae 1, claws 3, repulsion field 1, berserk 1, dopey 2, powered by death
2, powered by pain 1, teleportitis 1, wild magic 1
a: Renounce Religion


You were in a volcano.
You worshipped Vehumet.
Vehumet was most pleased with you.
You were completely stuffed.

You visited 2 branches of the dungeon, and saw 11 of its levels.
You also visited: Volcano.

You collected 609 gold pieces.

Inventory:

Hand Weapons
 s - a +2 falchion of flaming
 t - a +0 hand axe of electrocution (weapon)
 J - a +0 hand crossbow
Missiles
 p - 55 poisoned needles
 r - 12 javelins (quivered)
 w - 3 throwing nets
Armour
 a - a +0 robe (worn)
 b - a +1 hat (worn)
 m - a +0 pair of gloves
 q - a +3 leather armour
 I - a +0 cloak (worn)
Magical Staves
 G - an uncursed staff of conjuration
Jewellery
 z - a ring of protection from fire (right claw)
 A - a +4 ring of intelligence (left claw)
 F - an amulet of the gourmand (around neck)
 L - an uncursed amulet of guardian spirit
Wands
 i - a wand of random effects (5/48)
 H - a wand of lightning (1/15)
 K - a wand of flame (32/48)
Scrolls
 f - 2 scrolls of fog
 y - a scroll of enchant armour
 B - 3 scrolls of remove curse
 C - a scroll of amnesia
 M - a scroll of fear
Potions
 h - 2 potions of flight
 j - 2 potions of cancellation
 k - a potion of brilliance
 u - a potion of haste
 v - a potion of ambrosia {unknown}
 D - 2 potions of might
Books
 c - a book of Minor Magic

   Spells                             Type                      Level
   a - Magic Dart                     Conjuration                  1
   b - Blink                          Translocation                2
   c - Call Imp                       Summoning                    2
   d - Repel Missiles                 Charms/Air                   2
   e - Slow                           Hexes                        2
   f - Conjure Flame                  Conjuration/Fire             3
   g - Mephitic Cloud                 Conjuration/Poison/Air       3
 E - a book of Air

   Spells                             Type                      Level
   a - Shock                          Conjuration/Air              1
   b - Swiftness                      Charms/Air                   2
   c - Repel Missiles                 Charms/Air                   2
   d - Static Discharge               Conjuration/Air              3
   e - Lightning Bolt                 Conjuration/Air              5
Comestibles
 d - 8 bread rations
 g - 11 fruits
 n - 2 beef jerkies
 o - 4 slices of pizza
 x - 6 meat rations


   Skills:
   Level 0.1 Short Blades
   Level 0.6 Maces & Flails
 - Level 1.7 Dodging
 - Level 1.7 Stealth
 + Level 11.6 Spellcasting
 + Level 10.6 Conjurations
 + Level 0.6 Hexes
   Level 1.0 Summonings
 - Level 2.0 Translocations
 - Level 0.3 Fire Magic
 - Level 0.1 Air Magic
 - Level 0.8 Poison Magic
 - Level 0.6 Evocations


You had 16 spell levels left.
You knew the following spells:

 Your Spells              Type           Power        Failure   Level  Hunger
a - Magic Dart            Conj           ####         1%          1    None
b - Conjure Flame         Conj/Fire      ######..     1%          3    None
c - Mephitic Cloud        Conj/Pois/Air  #####...     1%          3    None
d - Blink                 Tloc           N/A          6%          2    None
e - Repel Missiles        Chrm/Air       ###...       14%         2    None
f - Swiftness             Chrm/Air       ###.....     14%         2    None
g - Inner Flame           Hex/Fire       ###.....     5%          3    None


Dungeon Overview and Level Annotations

Branches:
Dungeon (10/15)            Temple (0/1) D:7            Lair (1/6) D:8
    Orc: D:9-12

Altars:
Ashenzari
Cheibriados
Elyvilon
Fedhas
Hepliaklqana
Nemelex Xobeh
Qazlal
Ru
Sif Muna
Trog
Vehumet
Xom
Yredelemnul

Annotations:
D:7 Bekkur's ghost, novice DsVM


Innate Abilities, Weirdness & Mutations

You have claws for hands.
You are surrounded by a mild repulsion field. (EV +2)
You regenerate health from kills.
You sometimes gain a little power by taking damage.
You have a pair of small antennae on your head.
You tend to lose your temper in combat.
You are very dopey. (Int -4)
You are occasionally teleported next to monsters.
Your spells are a little harder to cast, but a little more powerful.


Message History

* * * LOW HITPOINT WARNING * * *
Unknown command.
Your surroundings seem slightly different.
Okay, then.
A flying skull comes into view.
The flying skull gives a hideous shriek!
You open the gate.
Found 15 gold pieces.
There is an open gate here.
Unknown command.
Okay, then.
The air gets thick with the scent of sulphur.
Casting: Magic Dart
Confirm with . or Enter, or press ? or * to list all spells.
You blink.
Casting: Blink
Confirm with . or Enter, or press ? or * to list all spells.
You blink.
The flying skull hits you!
You die...

≈## ≈≈≈≈≈# ≈≈≈§≈§≈≈§≈##
8≈§≈§§≈≈≈§≈§§##
≈≈≈§§≈≈≈§§≈§§.###
≈≈≈≈≈≈≈≈≈§§§§...##########
§≈§§≈≈≈≈≈§.§..zz@...8....+
§§§§≈≈≈≈≈≈§≈...z'.§.$....+
≈§§≈§≈≈≈≈...§..≈'...8....+
≈§≈≈≈≈.......§..##########
≈§≈§§.......§####
≈.§§.......###
.........### .......###
.#....##


You could see 3 flying skulls.

Vanquished Creatures
  Nergalle (D:10)
  Pikel (D:6)
  2 hippogriffs (Lair:1)
  7 yaks
  Eustachio (D:4)
  A water moccasin (Lair:1)
  Duvessa (D:4)
  An ice beast (D:8)
  2 orc warriors
  2 sky beasts
  A slave (D:6)
  2 phantoms
  5 ogres
  3 centaurs
  2 big kobolds
  6 bullfrogs
  A wyvern skeleton (D:10)
  4 scorpions
  10 killer bees (D:7)
  5 wights (D:7)
  2 howler monkeys (D:8)
  A bullfrog zombie (D:9)
  2 crimson imps
  A centaur skeleton (D:9)
  10 hounds
  A jelly (D:7)
  5 orc priests
  7 orc wizards
  A bullfrog skeleton (D:7)
  4 iguanas
  14 worker ants
  A hound skeleton (D:10)
  2 worker ant zombies
  8 adders
  3 gnolls (D:7)
  A shadow imp (D:9)
  An ooze (D:4)
  An adder zombie (D:6)
  An adder skeleton (D:7)
  3 worms
  2 dart slugs
  9 leopard geckos
  40 orcs
  9 bats
  7 giant cockroaches
  7 hobgoblins
  13 jackals
  19 kobolds
  2 quokkas
  2 ball pythons
  3 frilled lizards
  3 goblins
  A jackal skeleton (D:5)
  A leopard gecko skeleton (D:4)
  A quokka skeleton (D:5)
  9 rats
255 creatures vanquished.

Vanquished Creatures (collateral kills)
  2 killer bees (D:7)
2 creatures vanquished.

Vanquished Creatures (others)
  Dowan (D:4)
  An orc wizard (D:7)
  A gnoll (D:7)
  A fungus (D:8)
4 creatures vanquished.

Grand Total: 261 creatures vanquished

Notes
Turn   | Place    | Note
-------+----------+-------------------------------------------
     0 | D:1      | Jorund the Demonspawn Wizard began the quest for the Orb.
     0 | D:1      | Reached XP level 1. HP: 13/13 MP: 4/4
   302 | D:1      | Gained mutation: You are surrounded by a mild repulsion field. (EV +2) [demonic ancestry]
   302 | D:1      | Reached XP level 2. HP: 16/19 MP: 0/6
  1170 | D:1      | Reached XP level 3. HP: 24/24 MP: 8/8
  1405 | D:2      | Found a basalt altar of Yredelemnul.
  2337 | D:2      | Found a faded altar of an unknown god.
  2337 | D:2      | Found a sacrificial altar of Ru.
  2342 | D:2      | Found a faded altar of an unknown god.
  2344 | D:2      | Found a faded altar of an unknown god.
  2345 | D:2      | Found a faded altar of an unknown god.
  2446 | D:3      | Reached skill level 4 in Spellcasting
  2617 | D:3      | Gained mutation: You regenerate a little health from kills. [demonic ancestry]
  2617 | D:3      | Reached XP level 4. HP: 26/30 MP: 7/10
  2700 | D:3      | Found a blossoming altar of Fedhas.
  2800 | D:3      | Learned a level 3 spell: Conjure Flame
  2804 | D:3      | Learned a level 3 spell: Mephitic Cloud
  2807 | D:3      | Learned a level 2 spell: Blink
  2810 | D:3      | Learned a level 2 spell: Repel Missiles
  2920 | D:3      | Noticed an earth elemental
  2921 | D:3      | Found a stormy altar of Qazlal.
  2922 | D:3      | Noticed a water elemental
  2922 | D:3      | Noticed an air elemental
  2922 | D:3      | Noticed a fire elemental
  3292 | D:4      | Noticed Eustachio
  3415 | D:4      | Found a white marble altar of Elyvilon.
  3456 | D:4      | Noticed a phantom
  3815 | D:4      | Gained mutation: You sometimes gain a little power by taking damage. [demonic ancestry]
  3815 | D:4      | Reached XP level 5. HP: 35/35 MP: 6/11
  3934 | D:4      | Found a shimmering altar of Xom.
  3936 | D:4      | Found a shimmering altar of Xom.
  3941 | D:4      | Reached skill level 5 in Spellcasting
  3942 | D:4      | Found a shimmering altar of Xom.
  3956 | D:4      | Noticed Duvessa
  4006 | D:4      | Noticed an ogre
  4013 | D:4      | Killed an ogre
  4013 | D:4      | Gained mutation: You regenerate health from kills. [demonic ancestry]
  4013 | D:4      | Reached XP level 6. HP: 41/41 MP: 1/13
  4174 | D:4      | Killed Eustachio
  4470 | D:4      | Noticed Dowan
  4482 | D:4      | Your ally died
  4484 | D:4      | Killed Duvessa
  4484 | D:4      | Reached XP level 7. HP: 46/46 MP: 15/15
  4673 | D:4      | Reached skill level 6 in Spellcasting
  4878 | D:4      | Reached skill level 5 in Conjurations
  5092 | D:5      | Entered Level 5 of the Dungeon
  5369 | D:5      | Found a radiant altar of Vehumet.
  5500 | D:5      | Reached skill level 7 in Spellcasting
  5500 | D:5      | Gained mutation: You have sharp fingernails. [demonic ancestry]
  5500 | D:5      | Reached XP level 8. HP: 30/52 MP: 2/18
  5869 | D:5      | Noticed a troll
  6374 | D:5      | Found a bloodstained altar of Trog.
  6399 | D:5      | Found a snail-covered altar of Cheibriados.
  6399 | D:5      | Found a hazy altar of Hepliaklqana.
  6399 | D:5      | Found a sparkling altar of Nemelex Xobeh.
  6435 | D:5      | Reached skill level 8 in Spellcasting
  6649 | D:5      | Became a worshipper of Vehumet
  6821 | D:6      | Found a shattered altar of Ashenzari.
  7091 | D:6      | Noticed Pikel
  7103 | D:6      | Killed Pikel
  7103 | D:6      | Gained mutation: You have very sharp fingernails. [demonic ancestry]
  7103 | D:6      | Reached XP level 9. HP: 47/57 MP: 12/21
  7256 | D:7      | Reached skill level 1 in Translocations
  7262 | D:7      | Reached skill level 9 in Spellcasting
  7361 | D:7      | Noticed Bekkur's ghost (novice DsVM)
  7503 | D:7      | Reached * piety under Vehumet
  7503 | D:7      | Offered knowledge of Flame Tongue by Vehumet.
  8302 | D:7      | Reached ** piety under Vehumet
  8302 | D:7      | Offered knowledge of Shock by Vehumet.
  8569 | D:7      | Found a deep blue altar of Sif Muna.
  8702 | D:7      | Found a staircase to the Ecumenical Temple.
  9020 | D:8      | Reached skill level 10 in Spellcasting
  9223 | D:8      | Learned a level 2 spell: Swiftness
  9385 | D:8      | Reached XP level 10. HP: 59/63 MP: 18/24
  9619 | D:8      | Gained mutation: You are dopey. (Int -2) [potion of mutation]
  9619 | D:8      | Gained mutation: You are robust. (+10% HP) [potion of mutation]
  9619 | D:8      | Gained mutation: You are very dopey. (Int -4) [potion of mutation]
  9620 | D:8      | Gained mutation: Your spells are a little harder to cast, but a little more powerful. [potion of mutation]
  9620 | D:8      | Gained mutation: You have claws for hands. [potion of mutation]
  9620 | D:8      | Lost mutation: You are robust. (+10% HP) [potion of mutation]
  9621 | D:8      | Gained mutation: You have a pair of small antennae on your head. [potion of mutation]
  9621 | D:8      | Gained mutation: You are occasionally teleported next to monsters. [potion of mutation]
  9621 | D:8      | Gained mutation: You tend to lose your temper in combat. [potion of mutation]
  9642 | D:8      | Found a staircase to the Lair.
  9774 | D:8      | Offered knowledge of Inner Flame by Vehumet.
  9779 | D:8      | Learned a level 3 spell: Inner Flame
 10290 | D:9      | Reached *** piety under Vehumet
 11043 | D:10     | Entered Level 10 of the Dungeon
 11233 | D:10     | Reached skill level 10 in Conjurations
 11321 | D:10     | Noticed Nergalle
 11356 | D:10     | Killed Nergalle
 11356 | D:10     | Offered knowledge of Force Lance by Vehumet.
 11356 | D:10     | Reached skill level 11 in Spellcasting
 11600 | Lair:1   | Entered Level 1 of the Lair of Beasts
 11855 | Lair:1   | Found a dark tunnel.
 11955 | Volcano  | Entered a volcano
 11993 | Volcano  | Slain by a flying skull

Vault maps used:
D:1:      elethiomel_arrival_fortress_basement, minmay_tetromino_l2
D:2:      nicolae_overflow_hidden_temple, chequers_temple_overflow_minitemple
D:3:      marbit_many_paths, nicolae_qazlal_style_of_elements
D:4:      elyvilon_altar_1, first_bread, xom_redecorated, uniq_duvessa,
          uniq_eustachio
D:5:      vehumet_crystals, kennysheep_mini, gammafunk_temple_overflow_claw
D:6:      cheibrodos_ashenzari_chains, uniq_pikel
D:7:      kennysheep_little_box
D:8:      kennysheep_ambush_hall, dpeg_oklobed_lair
D:10:     uniq_nergalle
Lair:1:   nicolae_volcano_entry_hallway, fungi_pond_lemuel, serial_bayou_ford_a,
          beast_lair_carwin_6
Volcano:  volcano_tomb

Skill      XL: |  1  2  3  4  5  6  7  8  9 10 |
---------------+-------------------------------+-----
Conjurations   | 2 3 4 5 7 9 10 | 10.6
Spellcasting   | 4 5 7 8 10 11 | 11.6
Translocations | 2 |  2.0
Short Blades   | |  0.1
Maces & Flails | |  0.6
Dodging        | |  1.7
Stealth        | |  1.7
Hexes          | |  0.6
Summonings     | |  1.0
Fire Magic     | |  0.3
Air Magic      | |  0.1
Poison Magic   | |  0.8
Evocations     | |  0.6

Action                   |  1- 3 |  4- 6 |  7- 9 | 10-12 || total
-------------------------+-------+-------+-------+-------++-------
Melee: Mace              |    47 |       |       |       ||    47
       Short sword       |    35 |    92 |     7 |       ||   134
       Hand axe          |       |       |   149 |    74 ||   223
       Unarmed           |       |       |     1 |       ||     1
Throw: Javelin           |       |     4 |     6 |     2 ||    12
 Cast: Magic Dart        |    86 |    81 |   409 |   198 ||   774
       Mephitic Cloud    |       |     5 |    30 |    15 ||    50
       Conjure Flame     |       |     2 |    23 |    16 ||    41
       Repel Missiles    |       |       |     2 |     1 ||     3
       Blink             |       |       |     2 |     3 ||     5
       Inner Flame       |       |       |       |     1 ||     1
Evoke: Wand              |       |     2 |     3 |     3 ||     8
  Use: Scroll            |     8 |     5 |     7 |     5 ||    25
       Potion            |       |     3 |     3 |     5 ||    11
 Stab: Sleeping          |     4 |     1 |     1 |       ||     6
       Confused          |       |     2 |     8 |     3 ||    13
  Eat: Chunk             |     4 |     6 |    17 |    19 ||    46
Armor: Robe              |    21 |    17 |    72 |    19 ||   129
       Skin              |       |       |     6 |       ||     6
Dodge: Dodged            |    82 |    87 |   240 |    90 ||   499
       Deflected         |       |       |     2 |     1 ||     3
